 Zot Defence DCSS version 0.15.2 (webtiles) character file.

1325 blackwizard the Chucker (level 8, -3/78 HPs)
             Began as a Troll Hunter on June 19, 2017.
             Killed by divine providence
             ... invoked by an orc priest
              (12 damage)
             ... in the Realm of Zot (Scenario IV: Columnade).
             The game lasted 00:06:10 (1187 turns).

blackwizard the Chucker (Troll Hunter)              Turns: 1187, Time: 00:06:11

HP  -3/78        AC  5     Str 21      XL: 8   Next: 34%
MP   3/3         EV 12     Int  7      God:
Gold 0           SH  0     Dex 12      Spells:  0 memorised,  7 levels left

rFire  . . .     SeeInvis .     m - +0 spear
rCold  . . .     Clarity  .     d - +0 animal skin
rNeg   . . .     rCorr    .     (shield restricted)
rPois  .         rRot     .     (helmet restricted)
rElec  .         Spirit   .     (no cloak)
SustAb .         Warding  .     (gloves unavailable)
rMut   .         Stasis   .     (boots unavailable)
Gourm  +                        (no amulet)
MR     .....                    (no ring)
                                (no ring)

@: not resistant to hostile enchantments, very unstealthy
A: unfitting armour, claws 3, fast metabolism 3, gourmand, regeneration 2,
saprovore 2, shaggy fur 1, tough skin 2
a: Make oklob sapling, Make arrow trap, Make plant, Remove Curse, Make burning
bush, Make altar, Make grenades, Make oklob plant, Make net trap


You were in the Realm of Zot.
You were not hungry.

You visited 1 branch

Inventory:

Hand weapons
 k - a +0 dagger
 l - a +0 whip
 m - a +0 spear (weapon)
Missiles
 b - 5 large rocks (quivered)
 c - 2 throwing nets
Armour
 d - a +0 animal skin (worn)
Comestibles
 f - 2 meat rations
Scrolls
 j - a scroll of blinking
Potions
 a - 3 potions of curing
 e - a potion of heal wounds
 g - a potion of haste
 h - 2 potions of magic
 i - a potion of berserk rage


   Skills:
 + Level 4.1 Fighting
 + Level 3.1 Short Blades
 + Level 1.7 Polearms
 + Level 5.5 Throwing
 + Level 5.2 Dodging
 - Level 0.4 Stealth
 + Level 1.6 Unarmed Combat


You had 7 spell levels left.
You didn't know any spells.

Dungeon Overview and Level Annotations

Branches:
    Zot (1/1)

Altars:


Innate Abilities, Weirdness & Mutations

You are too large for most types of armour.
You have claws for hands.
Your metabolism is lightning-fast.
You like to eat raw meat.
You heal very quickly.
You can eat rotten meat.
You are covered in fur (AC +1).
You have very tough skin (AC +2).


Message History

The worker ant is heavily wounded.
The orc priest looks braver.
The green rat twitches its whiskers.
You hit the worker ant.
The worker ant is almost dead.
The worker ant waves its antennae.
The orc priest mumbles some strange prayers to Beogh against something.
Something smites you!
The quokka twitches its whiskers.
The quokka twitches its whiskers.
The orc priest's eyes start to glow.
The orc priest invokes the aid of Beogh against something.
Something smites you!
* * * LOW HITPOINT WARNING * * *
The orc priest invokes the aid of Beogh against something.
Something smites you!
* * * LOW HITPOINT WARNING * * *
The orc priest mumbles some strange prayers to Beogh against something.
Something smites you!
You die...

........▓
▓...▓
▓...........
▓...▓...▓
▓...▓
▓..▓......▓.
........▓
▓...▓
▓...........
▓...▓...▓
▓...▓
▓..▓......▓.
........▓
▓...▓
▓.....▓▓....
▓...▓...▓
▓...▓
▓gZ▓......▓.
........▓
▓...▓
▓llr........
▓...▓▓▓▓▓
▓...▓
▓Kg▓.g....▓.
.....▓ ▓@..▓
▓o5)(.......
..▓..▓ ▓o..▓
▓▓▓▓▓s...▓▓▓
..▓..▓ ▓hO.▓
▓rs..▓
..▓..▓


▓aao▓ ▓....▓ ..▓..▓ ▓Kll▓ ▓....▓ ..▓..▓ ▓roZ▓▓▓▓▓▓▓....▓ ..▓..▓
▓▓gSgl5.....r...▓▓ ..▓..▓ ▓▓rrssgSb..o......▓▓ ..▓..▓ ▓SrgggsSSr..g......▓ You
could see a black bear, an ogre, 3 iguanas, 2 worker ants, 2 orc priests, an
adder, 2 green rats, 2 giant mites, an orc, a goblin zombie, 2 quokkas, 2
hobgoblins, 3 goblins, a ball python and a kobold.

Vanquished Creatures
  A two-headed ogre (Zot)
  A yellow wasp (Zot)
  A giant frog (Zot)
  A yellow wasp zombie (Zot)
  A hound zombie (Zot)
  2 sheep (Zot)
  A gnoll (Zot)
  3 green rats (Zot)
  3 adders (Zot)
  A worm (Zot)
  4 giant geckos (Zot)
  4 oozes (Zot)
  An orc (Zot)
  A bat zombie (Zot)
  2 giant cockroaches (Zot)
  5 goblins (Zot)
  3 hobgoblins (Zot)
  2 jackals (Zot)
  3 quokkas (Zot)
  2 ball pythons (Zot)
  6 bats (Zot)
  3 giant gecko zombies (Zot)
  2 giant newts (Zot)
  A green rat zombie (Zot)
  9 kobolds (Zot)
  2 kobold zombies (Zot)
  A quokka zombie (Zot)
  7 rats (Zot)
  A rat zombie (Zot)
74 creatures vanquished.

Notes
Turn   | Place    | Note
--------------------------------------------------------------
     0 | Zot      | blackwizard, the Troll Hunter, began the quest for the Orb.
     0 | Zot      | Reached XP level 1. HP: 19/19 MP: 1/1
   249 | Zot      | Reached XP level 2. HP: 27/27 MP: 1/1
   255 | Zot      | Reached skill level 4 in Throwing
   348 | Zot      | Reached XP level 3. HP: 35/35 MP: 2/2
   506 | Zot      | Noticed Plit Ety
   537 | Zot      | Reached XP level 4. HP: 42/42 MP: 2/2
   574 | Zot      | Killed Plit Ety the two-headed ogre
   574 | Zot      | Reached skill level 1 in Short Blades
   574 | Zot      | Reached skill level 5 in Throwing
   574 | Zot      | Reached XP level 5. HP: 49/52 MP: 2/2
   574 | Zot      | Reached XP level 6. HP: 55/59 MP: 3/3
   574 | Zot      | Reached XP level 7. HP: 61/66 MP: 3/3
   993 | Zot      | Reached XP level 8. HP: 62/75 MP: 3/3
  1029 | Zot      | Reached skill level 1 in Polearms
  1029 | Zot      | Reached skill level 5 in Dodging
  1187 | Zot      | Killed from afar by an orc priest

Action                   |  1- 3 |  4- 6 |  7- 9 || total
-------------------------+-------+-------+-------++-------
Melee: Unarmed           |    34 |       |       ||    34
       Dagger            |   111 |    34 |   203 ||   348
       Spear             |       |       |   255 ||   255
